 Dungeon Crawl Stone Soup version 0.31-a0-544-gceb718ecc6 (webtiles) character file.

Game seed: 321532041775162051

98 randomguy2701 the Grave Robber (level 4, -4/24 HPs)
             Began as a Deep Elf Necromancer on Aug 15, 2023.
             Killed by nerve-wracking pain
             ... invoked by an orc priest
              (14 damage)
             ... on level 3 of the Dungeon.
             The game lasted 00:03:12 (2515 turns).

randomguy2701 the Grave Robber (DENe)               Turns: 2515, Time: 00:03:13

Health: -4/24      AC:  4    Str:  5    XL:     4   Next: 44%
Magic:  5/12       EV: 12    Int: 25    God:
Gold:   172        SH:  0    Dex: 15    Spells: 8/12 levels left

rFire   . . .        e - staff of cold
rCold   + . .        (no shield)
rNeg    . . .        s - +2 robe of Zin's Approval {Int+3}
rPois   .            (no helmet)
rElec   .            (no cloak)
rCorr   .            (no gloves)
SInv    .            (no boots)
Will    .....        (no amulet)
Stlth   ++           (no ring)
HPRegen 0.24/turn    (no ring)
MPRegen 0.13/turn

%: no passive effects
@: very slightly contaminated
A: no striking features
a: no special abilities


You were on level 3 of the Dungeon.
You visited 1 branch of the dungeon, and saw 3 of its levels.

You collected 172 gold pieces.

Inventory:

Armour
 a - a +0 robe
 s - the +2 robe of Zin's Approval (worn) {Int+3}
   (You found it on level 2 of the Dungeon)

   Int+3:     It affects your intelligence (+3).
Magical Staves
 d - a staff of fire
 e - a staff of cold (weapon)
Jewellery
 k - a +5 ring of evasion
Scrolls
 f - 3 scrolls of teleportation {unknown}
 g - a scroll of revelation {unknown}
 h - a scroll of vulnerability {unknown}
 j - a scroll of enchant weapon {unknown}
 n - 3 scrolls of identify {unknown}
 p - a scroll of amnesia {unknown}
 r - a scroll of noise {unknown}
Potions
 b - 2 potions of magic
 c - 2 potions of mutation {unknown}
 i - 2 potions of heal wounds {unknown}
 l - a potion of invisibility {unknown}
 m - 2 potions of curing {unknown}
 o - a potion of degeneration {unknown}
 q - a potion of attraction {unknown}


   Skills:
 + Level 2.6 Dodging
 + Level 2.5 Stealth
 + Level 4.9 Spellcasting
 + Level 6.0 Necromancy


You had 8 spell levels left.
You knew the following spells:

 Your Spells              Type           Power      Damage    Failure   Level
a - Necrotise             Necr           100%       1d9       1%          1
b - Vampiric Draining     Necr           36%        2d8       1%          3

Your spell library contained the following spells:

 Spells                   Type           Power      Damage    Failure   Level
 Animate Dead             Necr           36%        N/A       7%          4
 Lesser Beckoning         Tloc           12%        N/A       13%         2
 Agony                    Necr           36%        N/A       19%         5
 Gell's Gravitas          Tloc           6%         N/A       26%         3
 Teleport Other           Tloc           6%         N/A       26%         3


Dungeon Overview and Level Annotations

Branches:
Dungeon (3/15)

Altars:
Dithmenos


Message History

Found a blade talisman.
Found a stone staircase leading up.
You now have 172 gold pieces (gained 14).
Your quokka skeleton crumbles into dust!
An orc priest comes into view. It is wielding a +0 club.
An orc priest is nearby!
You can't see any susceptible monsters within range! (Use Z to cast anyway.)
You can't see any susceptible monsters within range! (Use Z to cast anyway.)
An orc priest comes into view. It is wielding a +0 hand axe.
The orc priest writhes in agony!
The orc priest barely resists.
You miscast Necrotise.
You are very lightly contaminated with residual magic.
Nothing appears to happen.
The orc priest invokes the aid of Beogh against you.
Beogh smites you!
The orc priest writhes in agony.
The orc priest invokes the aid of Beogh against you.
Beogh smites you!
Ouch! That really hurt!
* * * LOW HITPOINT WARNING * * *
You are too injured to fight recklessly!
You are too injured to fight recklessly!
You are too injured to fight recklessly!
Casting: Necrotise (safe; 1% risk of failure)
Confirm with . or Enter, or press ? or * to list all spells.
Aiming: Necrotise (safe; 1% risk of failure)
Press: ? - help, Shift-Dir - straight line, f/p - orc priest
Aim: an orc priest, wielding a +0 club (severely wounded, chance to affect: 83%)
The orc priest barely resists.
Casting: Necrotise (safe; 1% risk of failure)
Confirm with . or Enter, or press ? or * to list all spells.
Aiming: Vampiric Draining (safe; 1% risk of failure)
Press: ? - help, Shift-Dir - straight line, f - orc priest, p - orc priest
Aim: an orc priest, wielding a +0 hand axe You draw life force from the orc priest!
You feel life coursing into your body!
The orc priest invokes the aid of Beogh against you.
Pain shoots through your body!
Ouch! That really hurt!
You die...

#.# #.≈§§ #.#
#.≈.# ##.# #.≈.#
.... #§≈.# ..
#...# # ##.§.###.#
#.o≈o.....
#.@≈≈≈≈≈≈§
#.........
#.#####.## #..#
##.# ##.# #..##
#.###...##
#........##
###.......########
#...............


You could see 2 orc priests.

Vanquished Creatures
  3 adders (D:2)
  A dart slug (D:2)
  3 orcs (D:3)
  3 ball pythons
  4 endoplasms
  3 giant cockroaches
  9 hobgoblins
  3 jackals (D:1)
  2 kobolds (D:3)
  4 quokkas
  6 bats
  5 frilled lizards
  4 goblins
  5 rats (D:1)
55 creatures vanquished.

Vanquished Creatures (collateral kills)
  2 endoplasms (D:1)
  2 frilled lizards
4 creatures vanquished.

Grand Total: 59 creatures vanquished

Notes
Turn   | Place    | Note
-------+----------+-------------------------------------------
     0 | D:1      | randomguy2701 the Deep Elf Necromancer began the quest for
                  | the Orb.
     0 | D:1      | Reached XP level 1. HP: 10/10 MP: 6/6
    75 | D:1      | Reached skill level 5 in Necromancy
   196 | D:1      | Reached XP level 2. HP: 15/15 MP: 5/8
   706 | D:1      | Reached XP level 3. HP: 19/19 MP: 3/9
   927 | D:1      | Learned a level 3 spell: Vampiric Draining
  1065 | D:2      | Identified the +2 robe of Zin's Approval {Int+3}
  1367 | D:2      | Reached XP level 4. HP: 23/24 MP: 8/12
  1688 | D:2      | Reached skill level 6 in Necromancy
  1958 | D:3      | Found a faded altar of an unknown god.
  2214 | D:3      | Found a shadowy altar of Dithmenos.
  2515 | D:3      | Killed from afar by an orc priest

Illustrated notes

Levels and vault maps discovered:
D:1:      ncdulo_wetmaze, layout_basic, skrybe_limestone_x
D:2:      layout_loops_ring
D:3:      layout_loops_ring, mainiacjoe_overflow_brackets,
          mainiacjoe_overflow_paths,
          hellmonk_ecumenical_altar_pennies_from_heaven,
          kennysheep_generic_room_4

Skill      XL: |  1  2  3  4 |
---------------+-------------+-----
Necromancy     | 5 6 |  6.0
Spellcasting   | 4 |  4.9
Dodging        | |  2.6
Stealth        | |  2.5

Action                     |  1- 3 |  4- 6 || total
---------------------------+-------+-------++-------
  Melee: Staff             |     2 |       ||     2
   Cast: Necrotise         |    70 |    28 ||    98
         Vampiric Draining |       |     1 ||     1
 Armour: Robe              |     2 |     2 ||     4
  Dodge: Dodged            |     9 |     2 ||    11

Table legend: (Time is in decaauts)
 A = Elapsed time spent in this place.
 B = Non-inter-level travel time spent in this place.
 C = Inter-level travel time spent in this place.
 D = Time resting spent in this place.
 E = Time spent auto-exploring this place.
 F = Levels seen in this place.
 G = Mean time per level.
                   A        B        C        D        E       F      G
               +--------+--------+--------+--------+--------+-----+--------+
         Total |   2522 |   2426 |     96 |      0 |   2142 |   3 |  840.7 |
       Dungeon |   2522 |   2426 |     96 |      0 |   2142 |   3 |  840.7 |
               +--------+--------+--------+--------+--------+-----+--------+

Top non-repeatable levels by time:
     D:1: 967 daAuts
     D:2: 967 daAuts
     D:3: 588 daAuts
